 Dungeon Crawl Stone Soup version 0.32-a0-975-g85d4e5bfdb (webtiles) character file.

Game seed: 16559890417099652151

8 Sabo the Charlatan (level 2, 21/21 HPs)
             Began as a Demonspawn Artificer on Apr 19, 2024.
             Got out of the dungeon alive.
             The game lasted 00:03:16 (420 turns).

Sabo the Charlatan (Demonspawn Artificer)            Turns: 420, Time: 00:03:16

Health: 21/21      AC:  3    Str: 12    XL:     2   Next: 0%
Magic:  2/2        EV: 10    Int: 11    God:
Gold:   0          SH:  0    Dex: 13    Spells: 1/1 levels left

rFire   . . .        h - +0 whip
rCold   . . .        (no shield)
rNeg    . . .        b - +0 leather armour
rPois   .            (no helmet)
rElec   .            (no cloak)
rCorr   .            (no gloves)
SInv    .            (no boots)
Will    .....        (no amulet)
Stlth   +            (no ring)
HPRegen 0.23/turn    (no ring)
MPRegen 0.16/turn

%: no passive effects
@: no status effects
A: magic regeneration
a: no special abilities


You escaped.
You visited 1 branch of the dungeon, and saw 1 of its levels.

Inventory:

Hand Weapons
 h - a +0 whip (weapon)
Armour
 b - a +0 leather armour (worn)
Talismans
 a - a blade talisman
Wands
 c - a wand of flame (15) (quivered)
 d - a wand of charming (15)
 e - a wand of iceblast (5)
Scrolls
 f - a scroll of teleportation {unknown}
Potions
 g - a potion of enlightenment {unknown}


   Skills:
 + Level 1.0 Fighting
 + Level 0.3 Short Blades
 + Level 1.9 Armour
 + Level 0.8 Dodging
 + Level 0.8 Stealth
 + Level 3.3 Evocations


You had one spell level left.
You didn't know any spells.
Your spell library contained the following spells:

 Spells                   Type           Power      Damage    Failure   Level
 Ensorcelled Hibernation  Hex/Ice        0%         N/A       56%         2
 Fugue of the Fallen      Necr           0%         N/A       80%         3
 Anguish                  Hex/Necr       0%         N/A       99%         4


Dungeon Overview and Level Annotations

Branches:
Dungeon (1/15)

Altars:


Innate Abilities, Weirdness & Mutations

You regenerate magic rapidly.


Message History

You drop a +0 dagger.
g - a metallic ruby potion You see here a +0 dagger.
A rat comes into view.
The rat squeaks loudly.
The rat closely misses you.
You barely miss the rat. The rat bites you.
You barely miss the rat. The rat bites you but does no damage.
The rat closely misses you.
You barely miss the rat. The rat bites you.
You hit the rat.
The rat is moderately wounded.
The rat bites you.
You hit the rat.
You kill the rat!
Found a stone staircase leading down.
You start resting.
HP restored.
A hobgoblin comes into view.
The hobgoblin shouts!
The hobgoblin closely misses you.
You hit the hobgoblin.
The hobgoblin is heavily wounded.
The hobgoblin hits you.
You hit the hobgoblin.
You kill the hobgoblin!
You have reached level 2!
Your demonic ancestry asserts itself...
Your magic begins to regenerate rapidly.
You start resting.
HP restored.
You see here a +0 dagger.
You see here a bat corpse.
There is an open door here.
You enter the shallow water.
Moving in this stuff is going to be slow.
There is an open door here.
There is a staircase leading out of the dungeon here.
You can't go down here!
You have escaped!

~P.~~♣..~~P♣~#.#######.##.####
~.♣~~PP.~~♣♣~#.# #.##.>.
~.♣~~.♣P~~♣P~#.# #.##.###
~.P~~.♣P~~.♣~#.# #.##.#
~.P~~P.♣~~♣.~#.# #.##.#
~P.~~~~~~~♣.~##### #.##.##
~♣P~.....~♣P~#...#
#.....######
~~~~.###.~~~~#...#
####........
.....#§#.....'..@# ##..###..
~~~~.###)~~~~#...# #..#
~.P~.....~♣.~#...# #..###..
~♣.~~~~~~~.P~##### #.......
~P♣~~♣PP~~.♣~# ##.##.#.
~P♣~~PPP~~PP~# #.# #
~♣♣~~.PP~~♣.~# #.#
~P♣~~♣♣.~~♣P~# #..
~P♣~~PP.~~♣P~# ...#


There were no monsters in sight!

Vanquished Creatures
  2 bats (D:1)
  An endoplasm (D:1)
  A giant cockroach (D:1)
  A hobgoblin (D:1)
  2 rats (D:1)
7 creatures vanquished.

Notes
Turn   | Place    | Note
-------+----------+-------------------------------------------
     0 | D:1      | Sabo the Demonspawn Artificer began the quest for the Orb.
     0 | D:1      | Reached XP level 1. HP: 15/15 MP: 1/1
   306 | D:1      | Gained mutation: You regenerate magic rapidly. [demonic
                  | ancestry]
   306 | D:1      | Reached XP level 2. HP: 19/21 MP: 2/2
   420 | D:$      | Got out of the dungeon alive.

Illustrated notes

Levels and vault maps discovered:
D:1:      lightli_arrival_farm, layout_loops_ring

Action                     || total
---------------------------++-------
  Melee: Dagger            ||    39
         Whip              ||     7
 Armour: Leather armour    ||    32
  Dodge: Dodged            ||    39

Table legend: (Time is in decaauts)
 A = Elapsed time spent in this place.
 B = Non-inter-level travel time spent in this place.
 C = Inter-level travel time spent in this place.
 D = Time resting spent in this place.
 E = Time spent auto-exploring this place.
 F = Levels seen in this place.
 G = Mean time per level.
                   A        B        C        D        E       F      G
               +--------+--------+--------+--------+--------+-----+--------+
         Total |    452 |    452 |      0 |     20 |      0 |   1 |  452.0 |
       Dungeon |    452 |    452 |      0 |     20 |      0 |   1 |  452.0 |
               +--------+--------+--------+--------+--------+-----+--------+

Top non-repeatable levels by time:
     D:1: 452 daAuts
